 Dungeon Crawl Stone Soup version 0.23.2-1-ga50397a6bc (webtiles) character file.

Game seed: 14767818522666832443

104 2BsUSBport the Shield-Bearer (level 4, 37/40 HPs)
             Began as a Minotaur Fighter on May 10, 2019.
             Quit the game on level 2 of the Dungeon on May 13, 2019.
             The game lasted 00:07:00 (1370 turns).

2BsUSBport the Shield-Bearer (Minotaur Fighter)     Turns: 1370, Time: 00:07:00

Health: 37/40      AC:  7    Str: 21    XL:     4   Next: 52%
Magic:  3/3        EV:  8    Int:  5    God:
Gold:   105        SH:  9    Dex: 10    Spells: 3/3 levels left

rFire    . . .     SeeInvis .   a - +0 war axe
rCold    . . .     Gourm    .   c - +0 shield
rNeg     . . .     Faith    .   b - +0 scale mail
rPois    .         Spirit   .   (helmet restricted)
rElec    .         Reflect  .   (no cloak)
rCorr    .         Harm     .   (no gloves)
MR       .....                  (no boots)
Stlth    ..........             (no amulet)
HPRegen  0.13/turn              (no ring)
MPRegen  0.08/turn              (no ring)

@: no status effects
A: retaliatory headbutt, horns 2
a: no special abilities


You were on level 2 of the Dungeon.
You were not hungry.

You visited 1 branch of the dungeon, and saw 2 of its levels.

You collected 105 gold pieces.

Inventory:

Hand Weapons
 a - a +0 war axe (weapon)
Armour
 b - a +0 scale mail (worn)
 c - a +0 shield (worn)
Scrolls
 e - 4 scrolls of amnesia {unknown}
 g - a scroll of magic mapping {unknown}
 h - 2 scrolls of remove curse {unknown}
 i - 2 scrolls of identify {unknown}
 j - 2 scrolls of random uselessness {unknown}
 l - a scroll of teleportation {unknown}
Potions
 d - a potion of brilliance {unknown}
 k - a potion of haste {unknown}
Comestibles
 f - 4 rations


   Skills:
 + Level 4.2 Fighting
 + Level 3.6 Axes
 + Level 4.4 Armour
 + Level 0.7 Dodging
 + Level 4.5 Shields


You had 3 spell levels left.
You didn't know any spells.
Your spell library was empty.

Dungeon Overview and Level Annotations

Branches:
Dungeon (2/15)

Altars:
Dithmenos


Innate Abilities, Weirdness & Mutations

You reflexively headbutt those who attack you in melee.
You have a pair of horns on your head.


Message History

You see here a hobgoblin corpse.
Your shield and scale mail prevent you from hitting the giant cockroach.
You block the bat's attack. The giant cockroach barely misses you.
You closely miss the giant cockroach. The giant cockroach bites you.
You block the bat's attack. You block the giant cockroach's attack.
You closely miss the bat. You closely miss the giant cockroach.
You block the bat's attack. The bat hits you but does no damage.
The giant cockroach bites you.
You hit the giant cockroach.
You kill the giant cockroach!
You block the bat's attack. You block the bat's attack.
The bat completely misses you. You furiously retaliate!
You headbutt the bat!
You kill the bat!
No target in view!
No target in view!
No target in view!
Welcome back, 2BsUSBport the Minotaur Fighter.
Press ? for a list of commands and other information.
Are you sure you want to abandon this character and quit the game? (Confirm with "yes".)

. #..#. . #..#. . #..#.
# ... #..#. ### ### ..
#..#. .. #.. ... .#
#.... ### #.#
..##.####.... ... . #.#
#.#.........# ...
....##@####.#..#......#
...
........†.......#.##.#(#
#
.......†.##.#...........
.........##.#...#.##.#(.
###......##...........(.
##
#......#####..#.##.#(#
.# ........# #..#.....(.
.# ##......# #..#.##.#..
# #......# ##.#.##.#))


There were no monsters in sight!

Vanquished Creatures
  Robin (D:2)
  A gnoll (D:1)
  An adder (D:2)
  An ooze (D:1)
  2 dart slugs
  4 leopard geckos
  2 giant cockroaches (D:2)
  10 hobgoblins
  2 jackals (D:1)
  5 kobolds
  A quokka (D:2)
  8 bats
  13 goblins
  5 rats
56 creatures vanquished.

Notes
Turn   | Place    | Note
-------+----------+-------------------------------------------
     0 | D:1      | 2BsUSBport the Minotaur Fighter began the quest for the
                  | Orb.
     0 | D:1      | Reached XP level 1. HP: 19/19 MP: 0/0
   246 | D:1      | Reached XP level 2. HP: 25/27 MP: 1/1
   375 | D:1      | Reached XP level 3. HP: 33/33 MP: 2/2
   809 | D:2      | Found a shadowy altar of Dithmenos.
   937 | D:2      | Reached XP level 4. HP: 39/40 MP: 3/3
  1025 | D:2      | Noticed Robin
  1030 | D:2      | Killed Robin
  1370 | D:2      | Quit the game

Skill      XL: |  1  2  3 |
---------------+----------+-----
Armour         | 4 |  4.4
Shields        | 4 |  4.5
Fighting       | 4 |  4.2
Axes           | 3 |  3.6
Dodging        | |  0.7

Action                   |  1- 3 |  4- 6 || total
-------------------------+-------+-------++-------
Melee: War axe           |    81 |    24 ||   105
       Headbutt          |    11 |       ||    11
  Use: Potion            |       |     1 ||     1
  Eat: Ration            |       |     1 ||     1
       Chunk             |       |     1 ||     1
Armor: Scale mail        |    40 |    15 ||    55
Dodge: Dodged            |    28 |    18 ||    46
Block: Shield            |    54 |    21 ||    75
